 Dungeon Crawl Stone Soup version bcrawl-1.40.2 (webtiles) character file.

Game seed: 14551311426861385497

132367 kosoiffoigrumme1174 the Ducker (level 3, 0/23 HPs)
             Began as a Vine Stalker Monk on Nov 10, 2023.
             Slain by Robin
             ... wielding a +0 club
              (4 damage)
             ... on level 2 of the Dungeon.
             The game lasted 00:01:17 (947 turns).

kosoiffoigrumme1174 the Ducker (Vine Stalker Monk)   Turns: 947, Time: 00:01:18

Health: 0/23       AC:  2    Str: 14    XL:     3   Next: 52%
Magic:  0/5        EV: 14    Int: 10    God:
Gold:   23         SH:  0    Dex: 16    Spells: 2/2 levels left

rFire    . . .     GDR:     28% a - +0 hand axe
rCold    . . .     SeeInvis .   (no shield)
rNeg     . . .     Gourm    .   b - +0 robe
rPois    .         Faith    .   c - +0 hat
rElec    .         Spirit   +   (no cloak)
rCorr    .         Reflect  .   (no gloves)
MR       .....                  (no boots)
Stlth    ++........             d - amulet of guardian spirit
HPRegen  0.53/turn              (no ring)
MPRegen  0.09/turn              (no ring)

@: no status effects
A: fangs 2, regeneration 1, no potion heal 3, rot immunity, strong jaws
a: no special abilities


You were on level 2 of the Dungeon.
You were hungry.

You visited 1 branch of the dungeon, and saw 2 of its levels.

You collected 23 gold pieces.

Inventory:

Hand Weapons
 a - a +0 hand axe (weapon)
 l - a cursed -3 short sword
Missiles
 h - 117 stones (quivered)
Armour
 b - a +0 robe (worn)
 c - a +0 hat (worn)
Jewellery
 d - an amulet of guardian spirit (around neck)
 k - an uncursed amulet of the acrobat
Scrolls
 f - 2 scrolls of remove curse
 g - a scroll of immolation {unknown}
 i - a scroll of fear {unknown}
Comestibles
 e - 5 rations {!d}


   Skills:
 + Level 3.2 Fighting
 - Level 2.6 Axes
 + Level 3.8 Dodging
 - Level 3.0 Stealth
 + Level 1.5 Unarmed Combat
   Level 2.0 Invocations


You had 2 spell levels left.
You didn't know any spells.
Your spell library was empty.

Dungeon Overview and Level Annotations

Branches:
Dungeon (2/12)

Altars:

Annotations:
D:2 Robin


Innate Abilities, Weirdness & Mutations

You have extremely sharp teeth.
Your natural rate of healing is unusually fast.
Potions cannot restore your health.
You are immune to rotting.
Your bites deal extra damage.


Message History

You barely miss Robin.
Robin is lightly wounded.
Robin hits you with a +0 club.
You barely miss Robin.
Robin is lightly wounded.
Robin hits you but does no damage. x2
Robin throws the goblin at you! The goblin closely misses you.
A hobgoblin comes into view. It is wielding a +0 club.
Robin hits you with a +0 club. Robin throws the goblin at you!
The goblin hits you with a +0 club.
* * * LOW HITPOINT WARNING * * *
Robin throws the goblin at you!
* * * LOW HITPOINT WARNING * * *
The goblin closely misses you.
You slash the goblin!
You kill the goblin!
You hit Robin.
Robin roars a battlecry!
Robin hits you with a +0 club.
You die...

.##..?g#####....#.#
<....gwgg)g.......#
.......####g.....!##
....... #..w.....#
.###gg# #........#
.... ##.....#...
###g# ####...## #.##
#. #.))..####...##
#g #....gg@).....#
#.....###+###..
#.....# #.....#
#####.+ #####.#
#.....# #
#.###.#######.
###.........


You could see Robin and a hobgoblin.

Vanquished Creatures
  A dart slug (D:1)
  3 leopard geckos (D:1)
  A ball python (D:1)
  4 bats (D:1)
  A giant cockroach (D:1)
  10 goblins
  5 hobgoblins
  2 kobolds
  4 frilled lizards
  2 rats (D:1)
33 creatures vanquished.

Notes
Turn   | Place    | Note
-------+----------+-------------------------------------------
     0 | D:1      | kosoiffoigrumme1174 the Vine Stalker Monk began the quest
                  | for the Orb.
     0 | D:1      | Reached XP level 1. HP: 13/13 MP: 3/3
    76 | D:1      | Reached XP level 2. HP: 18/18 MP: 4/4
   117 | D:1      | Reached skill level 1 in Unarmed Combat
   401 | D:1      | Got a crude iron ring
   520 | D:1      | Reached XP level 3. HP: 23/23 MP: 3/5
   855 | D:2      | Identified the ring of Tomorrow {rN+ Int+4 Dex-3 Stlth--}
                  | (You found it on level 1 of the Dungeon)
   917 | D:2      | Noticed Robin
   947 | D:2      | Slain by Robin

Skill      XL: |  1  2 |
---------------+-------+-----
Unarmed Combat | 1 |  1.5
Fighting       | 3 |  3.2
Axes           | |  2.6
Dodging        | |  3.8
Stealth        | |  3.0
Invocations    | |  2.0

Action                   || total
-------------------------++-------
Melee: Hand axe          ||    75
       Bite              ||     7
 Stab: Sleeping          ||     4
  Eat: Chunk             ||     1
Armor: Robe              ||     9
Dodge: Dodged            ||    68
